 Dungeon Crawl Stone Soup version 0.19-a0-414-g76fec5b (webtiles) character file.

79 Duffy the Chopper (level 4, -6/28 HPs)
             Began as a Gargoyle Fighter on May 31, 2016.
             Mangled by an ogre
             ... wielding a cursed -2 giant club
              (18 damage)
             ... on level 4 of the Dungeon.
             The game lasted 00:00:41 (399 turns).

Duffy the Chopper (Gargoyle Fighter)                 Turns: 399, Time: 00:00:42

Health: -6/28      AC: 11    Str: 19    XL:     4   Next: 37%
Magic:  4/4        EV:  7    Int:  9    God:
Gold:   0          SH:  9    Dex: 10    Spells: 0 memorised, 3 levels left

rFire  . . .     SeeInvis .     a - +0 war axe
rCold  . . .     Gourm    .     b - +0 scale mail
rNeg   + . .     Faith    .     c - +0 shield
rPois  ∞         Spirit   .     (no helmet)
rElec  +         Dismiss  .     e - +0 cloak
rCorr  .         Reflect  .     (no gloves)
SustAt .         Harm     .     (no boots)
MR     .....                    (no amulet)
Stlth  ..........               (no ring)
                                (no ring)

@: not resistant to hostile enchantments, extremely unstealthy
A: negative energy resistance 1, electricity resistance, unbreathing,
petrification resistance, rot immunity, AC +3
a: no special abilities


You were on level 4 of the Dungeon.
You were not hungry.

You visited 1 branch of the dungeon, and saw 4 of its levels.


Innate Abilities, Weirdness & Mutations

You are resistant to torment.
Your stone body is resilient (AC +3).
You are immune to poison.
You resist negative energy. (rN+)
You are resistant to electric shocks. (rElec)
You can survive without breathing.
You are immune to petrification.
You are immune to rotting.


   Skills:
 - Level 3.2 Fighting
 + Level 4.0 Axes
 - Level 3.2 Armour
 - Level 3.2 Shields


You had 3 spell levels left.
You didn't know any spells.

Inventory:

Hand Weapons
 a - a +0 war axe (weapon)
Armour
 b - a +0 scale mail (worn)
 c - a +0 shield (worn)
 e - a +0 cloak (worn)
Potions
 d - a potion of might
Comestibles
 f - a bread ration

Dungeon Overview and Level Annotations

Branches:
Dungeon (4/15)
 Temple: D:4-7

Altars:


Message History

No target in view!
No target in view!
No target in view!
No target in view!
No target in view!
You start resting.
HP restored.
There is a stone staircase leading down here.
You climb downwards.
An iguana comes into view.
The iguana hisses angrily.
There is a stone staircase leading up here.
Unknown command.
The iguana bites you but does no damage.
You hit the iguana.
The iguana is moderately wounded.
The iguana barely misses you. You block the iguana's attack.
You hit the iguana.
The iguana is heavily wounded.
The iguana hisses menacingly.
The iguana bites you.
You slash the iguana!
The iguana is almost dead.
The iguana bites you but does no damage.
The iguana closely misses you.
You hit the iguana but do no damage.
The iguana is almost dead.
The iguana barely misses you.
You hit the iguana.
You kill the iguana!
Your Axes skill increases to level 4!
You have reached level 4!
You feel clever.
HP restored.
An ogre comes into view. It is wielding a giant club.
Found a stone staircase leading up.
The ogre hits you with a giant club.
You hit the ogre.
The ogre is lightly wounded.
The ogre closely misses you.
You closely miss the ogre.
The ogre is lightly wounded.
You block the ogre's attack.
Your shield and scale mail prevent you from hitting the ogre.
The ogre hits you with a giant club!
You hit the ogre.
The ogre is lightly wounded.
The ogre hits you with a giant club!!
Ouch! That really hurt!
You die...

#.# #.# #.# #.#
####.###
#......#
###......#
#.####........#
#...O@.#......#
#####..########
...## ..##.# ##
#.# #.. #.. #.<


You could see an ogre.

Action                   |  1- 3 |  4- 6 || total
-------------------------+-------+-------++-------
Melee: War axe           |    59 |     4 ||    63
 Stab: Invisible         |     1 |       ||     1
Armor: Scale mail        |    41 |       ||    41
Dodge: Dodged            |    27 |     1 ||    28
Block: Shield            |    32 |     1 ||    33

Notes
Turn   | Place    | Note
--------------------------------------------------------------
     0 | D:1      | Duffy the Gargoyle Fighter began the quest for the Orb.
     0 | D:1      | Reached XP level 1. HP: 14/14 MP: 1/1
    12 | D:1      | Reached skill level 2 in Axes
    51 | D:2      | Noticed Crazy Yiuf
    59 | D:2      | Killed Crazy Yiuf
    59 | D:2      | Reached skill level 3 in Axes
    59 | D:2      | Reached XP level 2. HP: 13/19 MP: 2/2
    59 | D:2      | Reached XP level 3. HP: 16/23 MP: 3/3
   328 | D:4      | Reached skill level 4 in Axes
   328 | D:4      | Reached XP level 4. HP: 24/28 MP: 4/4
   393 | D:4      | Noticed an ogre
   399 | D:4      | Mangled by an ogre

Skill      XL: |  1  2  3 |
---------------+----------+-----
Axes           | 3 4 |  4.0
Fighting       | |  3.2
Armour         | |  3.2
Shields        | |  3.2

Vault maps used:
D:1:      eino_arrival_druids_welcome
D:2:      moated_statue, grunt_ministairs_11, tso_metal_star,
          uniq_crazy_yiuf_cottage, uniq_terence
D:3:      lemuel_castle_with_subvaults, grunt_temple_overflow_open, minivault_11
D:4:      minmay_temple_entry_nine_rooms, minmay_close_crescents

Vanquished Creatures
  Crazy Yiuf
  An iguana
  A gnoll
  A dart slug
  A goblin
  A hobgoblin
  3 jackals
  A bat
  A giant newt
  2 kobolds
  A rat
14 creatures vanquished.
